AoeStats
← jphilkill

Arena

510091215Analyzed
4v4 RM · 2d ago on Sep 29, 2026· 51m 2s· 8 players
Game mode
Random Map
Map size
Large (8 player)
Population
200
Speed
Normal
Resources
Standard
Victory
Conquest
Starting age
Dark Age
Ending age
Imperial Age
RankedLock teamsTeams togetherTeam positionsShared explorationLock speedFull tech treeHidden civsTurbo modeCheats
Victory
Defeat
🇧🇷 Italians · Brazil
957
+18
🇩🇪 Franks · Germany
951
+19
🇮🇳 Turks · India
949
+19
🇨🇳 Persians · China
879
+21
🇨🇳 Teutons · China
1310
-29
🇨🇳 Franks · China
1063
-22
🇭🇰 Persians · Hong Kong SAR China
898
-15
🇨🇳 Chinese · China
788
-11
jphilkill
1:29 Loom
11:57 Feudal Age
17:06 Castle Age
15:00 Stone Mining
14:58 Double-Bit Axe
15:39 Gold Mining
17:17 Pikeman
24:24 Fletching
39:07 Bodkin Arrow
48:27 Wheelbarrow
48:07 Bow Saw
Pp
4:43 Loom
5:14 Loom
10:40 Feudal Age
11:15 Double-Bit Axe
11:14 Horse Collar
12:41 Town Watch
16:19 Castle Age
18:45 Town Patrol
33:24 Fletching
33:35 Padded Archer Armor
40:13 Imperial Age
42:46 Imperial Age
46:38 Conscription
48:03 Heavy Plow
48:27 Bow Saw
HaweN
10:17 Feudal Age
15:42 Castle Age
13:43 Double-Bit Axe
15:13 Horse Collar
15:59 Gold Mining
22:37 Heavy Plow
24:36 Padded Archer Armor
26:03 Wheelbarrow
25:40 Bow Saw
25:22 Stone Mining
26:51 Fletching
29:15 Town Watch
29:47 Murder Holes
32:00 Hand Cart
35:35 Imperial Age
36:04 Stone Shaft Mining
35:51 Ballistics
36:21 Town Patrol
37:23 Chemistry
36:43 Leather Archer Armor
36:30 Loom
37:55 Ring Archer Armor
44:09 Elite Genoese Crossbowman
46:12 Bodkin Arrow
46:27 Forging
46:20 Scale Mail Armor
46:39 Masonry
47:31 Two-Man Saw
48:16 Capped Ram
49:52 Conscription
51:14 Pirotechnia
51:35 Thumb Ring
sujing810
0:27 Loom
11:01 Feudal Age
12:17 Wheelbarrow
11:29 Double-Bit Axe
16:24 Castle Age
15:13 Horse Collar
15:52 Gold Mining
15:54 Stone Mining
18:11 Bow Saw
20:59 Hand Cart
24:24 Gold Shaft Mining
26:41 Stone Shaft Mining
29:57 Imperial Age
28:39 Heavy Plow
28:57 Forging
28:53 Scale Barding Armor
31:19 Chemistry
30:54 Crop Rotation
32:05 Two-Man Saw
32:43 Husbandry
32:54 Bloodlines
34:10 Iron Casting
33:55 Chain Barding Armor
33:55 Elite War Elephant
34:55 Conscription
34:58 Town Watch
37:10 Plate Barding Armor
37:36 Blast Furnace
36:37 Scale Mail Armor
37:54 Devotion
39:58 Guilds
40:19 Coinage
39:49 Caravan
41:15 Cavalier
41:16 Light Cavalry
43:29 Savar
44:48 Banking
46:46 Ballistics
46:37 Masonry
46:23 Murder Holes
51:17 Chain Mail Armor
50:54 Elite Skirmisher
鱼鱼
10:00 Feudal Age
13:54 Castle Age
12:10 Double-Bit Axe
23:37 Bow Saw
25:57 Loom
29:29 Wheelbarrow
33:04 Imperial Age
35:40 Imperial Age
37:23 Chemistry
37:34 Scale Barding Armor
38:19 Elite Skirmisher
38:51 Fletching
39:02 Padded Archer Armor
CNZS_溪超
10:50 Feudal Age
12:38 Loom
14:55 Castle Age
13:34 Double-Bit Axe
13:30 Horse Collar
16:09 Bow Saw
20:31 Loom
26:01 Wheelbarrow
29:05 Bloodlines
29:06 Gold Mining
32:00 Imperial Age
29:54 Heavy Plow
30:49 Hand Cart
30:41 Stone Mining
31:30 Coinage
31:40 Scale Barding Armor
31:46 Forging
34:13 Chain Barding Armor
34:29 Iron Casting
33:41 Cavalier
35:23 Banking
37:08 Plate Barding Armor
37:33 Blast Furnace
36:57 Town Watch
37:08 Fletching
38:25 Conscription
40:01 Two-Man Saw
39:35 Crop Rotation
39:26 Scale Mail Armor
40:35 Hoardings
39:25 Pikeman
40:06 Squires
39:51 Arson
40:12 Halberdier
41:23 Town Patrol
41:42 Chain Mail Armor
41:52 Ironclad
41:55 Crenellations
42:50 Ballistics
42:41 Masonry
44:26 Plate Mail Armor
47:19 Fortified Wall
47:57 Bodkin Arrow
47:58 Gambesons
Daemon Targaryen
0:46 Loom
10:14 Feudal Age
11:30 Double-Bit Axe
12:30 Wheelbarrow
14:37 Horse Collar
20:23 Castle Age
19:51 Stone Mining
35:00 Imperial Age
39:34 Pikeman
41:25 Heavy Plow
41:49 Bow Saw
42:30 Scale Barding Armor
42:30 Scale Mail Armor
43:34 Halberdier
44:31 Forging
45:09 Hand Cart
48:59 Chain Mail Armor
旺旺
10:02 Feudal Age
11:06 Double-Bit Axe
18:11 Castle Age
16:54 Stone Mining
16:47 Horse Collar
18:48 Heavy Plow
19:03 Bow Saw
22:10 Gold Mining
30:37 Imperial Age
32:49 Wheelbarrow
33:19 Arson
33:35 Squires
32:56 Pikeman
35:07 Scale Barding Armor
35:13 Forging
36:45 Scale Mail Armor
37:05 Hand Cart
38:01 Two-Man Saw
37:40 Crop Rotation
40:20 Chain Barding Armor
40:36 Iron Casting
40:17 Chain Mail Armor
42:55 Plate Barding Armor
43:21 Blast Furnace
43:20 Halberdier
44:35 Plate Mail Armor
45:30 Elite War Elephant
48:35 Conscription
48:21 Husbandry
48:32 Bloodlines
Connection lost

Rejoining the realm…

Still unreachable

The connection could not be restored.

Session expired

The server has moved on; the page needs a fresh start.